Match 46402340
Unlisted

Match 46402340
End
Pioneer Squad
Construct Infanterie Kompanie
Grenadier Squad
Grenadier Squad
Grenadier Squad
Infanterie Officer Quarters
Construct Luftwaffe Kompanie
MG 42 Machine Gun Team
221 Scout Car
Flak 30 Anti-aircraft Gun Team
Support Elements
Jäger Squad
Wirbelwind Flakpanzer
Luftwaffe Officer Quarters
Side Skirts
Pioneer Squad
Jäger Squad
Selects Breakthrough Battlegroup
Selects Assault Grenadiers
Selects Smoke Bombing Run
Selects Incendiary Bombing Run
Incendiary Bombing Run
Wirbelwind Flakpanzer
Selects Rapid Production
Selects Blitzkrieg
Medical Station
Wirbelwind Flakpanzer
MG 42 Machine Gun Team
DebaKLeTV
THUNDER ⚔
JLODGE
danos1992
0
0

Comments sign in to comment!

No comments posted yet!